 Dungeon Crawl Stone Soup version 0.30-a0-756-gc2185399d4 (webtiles) character file.

Game seed: 12704991577807269806

138772 sanka the Severer (level 17, -30/168 HPs)
             Began as a Hill Orc Gladiator on Feb 9, 2023.
             Was the Champion of the Shining One.
             Annihilated by an ettin
             ... wielding a +3 great mace
              (45 damage)
             ... on level 3 of the Depths.
             The game lasted 01:07:58 (30232 turns).

sanka the Severer (Hill Orc Gladiator)             Turns: 30232, Time: 01:07:58

Health: -30/168    AC: 23    Str: 29    XL:     17   Next: 27%
Magic:  23/28      EV:  9    Int:  7    God:    the Shining One [******]
Gold:   905        SH:  0    Dex: 15    Spells: 16/16 levels left

rFire   + . .      SeeInvis .    b - +3 battleaxe (flame)
rCold   + . .      Faith    .    (shield currently unavailable)
rNeg    + + +      Spirit   .    E - +5 gold dragon scales
rPois   +          Reflect  .    (helmet restricted)
rElec   +          Harm     .    Y - +1 cloak "Kocowei" {Will+ rCorr Dex+4}
rCorr   +          Rampage  .    P - +0 pair of gloves
Will    +++..                    (no boots) Stlth
                                 y - amulet of the acrobat
HPRegen 0.48/turn                U - ring of willpower
MPRegen 0.21/turn                T - ring of the Lich-sworn {rElec rCorr}

@: corroded, glowing, studying Polearms
A: antennae 1, claws 1, strong 1
a: Renounce Religion, Divine Shield, Cleansing Flame, Summon Divine Warrior,
Brand Weapon With Holy Wrath


You were on level 3 of the Depths.
You worshipped the Shining One.
The Shining One was exalted by your worship.
You visited 3 branches of the dungeon, and saw 19 of its levels.
You also visited: Sewer, Bailey and Gauntlet.

You collected 2559 gold pieces.
You spent 1654 gold pieces at shops.


Innate Abilities, Weirdness & Mutations

You have a pair of small antennae on your head.
You have sharp fingernails.
Your muscles are strong. (Str +4, Int/Dex -1)


   Skills:
 + Level 19.2 Fighting
 - Level 20.0 Axes
 - Level 1.7 Throwing
 + Level 18.6 Armour
 - Level 5.0 Dodging
 - Level 15.0 Invocations


You had 16 spell levels left.
You didn't know any spells.
Your spell library contained the following spells:

 Spells                   Type           Power      Damage    Failure   Level
 Apportation              Tloc           0%         N/A       99%         1
 Magic Dart               Conj           0%         1d3       99%         1
 Necrotise                Necr           0%         1d4       99%         1
 Shock                    Conj/Air       0%         1d3       99%         1
 Sting                    Tmut/Pois      0%         1d3       99%         1
 Summon Small Mammal      Summ           0%         N/A       99%         1
 Call Imp                 Summ           0%         N/A       100%        2
 Poisonous Vapours        Pois/Air       0%         N/A       100%        2
 Call Canine Familiar     Summ           0%         N/A       100%        3
 Inner Flame              Hex/Fire       0%         N/A       100%        3
 Mephitic Cloud           Conj/Pois/Air  0%         N/A       100%        3
 Ozocubu's Armour         Ice            0%         N/A       100%        3
 Portal Projectile        Hex/Tloc       0%         N/A       100%        3
 Swiftness                Air            0%         N/A       100%        3
 Airstrike                Air            0%         2d(0-16)  100%        4
 Cause Fear               Hex            0%         N/A       100%        4
 Dispel Undead            Necr           0%         3d6       100%        4
 Flame Wave               Conj/Fire      0%         2d4       100%        4
 Leda's Liquefaction      Hex/Erth       0%         N/A       100%        4
 Manifold Assault         Tloc           0%         N/A       100%        4
 Olgreb's Toxic Radiance  Pois           0%         N/A       100%        4
 Sticky Flame             Conj/Fire      0%         2d3       100%        4
 Summon Lightning Spire   Summ/Air       0%         N/A       100%        4
 Lightning Bolt           Conj/Air       0%         1d11      100%        5
 Metabolic Englaciation   Hex/Ice        0%         N/A       100%        5
 Dispersal                Tloc           0%         N/A       100%        6
 Simulacrum               Ice/Necr       0%         N/A       100%        6
 Storm Form               Tmut/Air       0%         N/A       100%        7
 Discord                  Hex            0%         N/A       100%        8
 Disjunction              Tloc           0%         N/A       100%        8
 Maxwell's Capacitive Co  Air            0%         ∞         100%        8

Inventory:

Hand Weapons
 a - a +0 heavy battleaxe
 b - a +3 battleaxe of flaming (weapon)
 w - a +1 whip of distortion
Missiles
 d - 5 throwing nets (quivered) {=f}
 e - 14 javelins
 W - 4 curare-tipped darts {=f}
Armour
 c - a +0 helmet
 E - +5 gold dragon scales (worn)
 P - a +0 pair of gloves (worn)
 Y - the +1 cloak "Kocowei" (worn) {Will+ rCorr Dex+4}

   Dex:       It affects your dexterity (+4).
   rCorr:     It protects you from acid and corrosion.
   Will:      It increases your willpower.
Jewellery
 p - a +6 ring of dexterity
 x - a ring of protection from fire
 y - an amulet of the acrobat (around neck)
 F - an amulet of faith
 O - an amulet of regeneration
 T - the ring of the Lich-sworn (right hand) {rElec rCorr}

   [ring of resist corrosion]

   rElec:     It insulates you from electricity.
   rCorr:     It protects you from acid and corrosion.
 U - a ring of willpower (left hand)
 X - a ring of ice
 Z - a ring of protection from fire
Wands
 h - a wand of acid (9)
 z - a wand of paralysis (9)
 C - a wand of mindburst (8)
 J - a wand of polymorph (20)
 R - a wand of flame (38)
Scrolls
 f - 6 scrolls of fog
 i - 6 scrolls of magic mapping
 l - 2 scrolls of summoning
 o - 3 scrolls of teleportation {@r4}
 q - 2 scrolls of blinking
 s - 4 scrolls of vulnerability {!r}
 D - 5 scrolls of fear
 I - 2 scrolls of immolation {!r}
 Q - 3 scrolls of poison {!r}
 V - 2 scrolls of enchant weapon
Potions
 g - 3 potions of berserk rage {!q}
 j - a potion of haste {@q3}
 k - 5 potions of flight
 m - 3 potions of mutation {!q}
 n - 8 potions of curing {@q1}
 t - a potion of experience {unknown}
 u - 3 potions of resistance
 v - 2 potions of magic
 A - 3 potions of lignification {!q}
 K - 2 potions of might {unknown}
 L - 4 potions of ambrosia
 M - 3 potions of heal wounds {@q2}
 N - 3 potions of attraction {!q}
Miscellaneous
 S - a lightning rod (4/4)

Dungeon Overview and Level Annotations

Branches:
Dungeon (15/15)            Temple (1/1) D:4            Lair (0/5) D:8
    Orc (0/2) D:12         Vaults (0/5) D:13         Depths (3/4) D:15
  Sewer (visited)          Bailey (visited)         Gauntlet (visited)

Altars:
Ashenzari
Cheibriados
Dithmenos
Elyvilon
Fedhas
Gozag
Hepliaklqana
Kikubaaqudgha
Makhleb
Nemelex Xobeh
Okawaru
Qazlal
Ru
Sif Muna
Trog
Uskayaw
Vehumet
Wu Jian
Xom
Yredelemnul
Zin
The Shining One
Beogh
Lugonu

Shops:
D:3 *   D:6 !   D:7 [   D:14 *   Depths:1 *

Portals:
Hell: Depths:1 Depths:2 Depths:3
Abyss: D:6 Depths:1 Depths:2
Pandemonium: Depths:2 Depths:3
Trove: D:10 (give +2 pearl dragon scales)

Annotations:
D:8 exclusion: downstairs
D:12 exclusion: downstairs
Depths:1 1 runed translucent door, 2 transporters, sanka's ghost, adept SpEn

▒.▒ ▒ ....▒ ▒ ▒.▒.▒
▒.▒.▒.▒ .▒... ...
▒▒▒▒.▒▒▒▒ ▒C▒
▒....▒..▒▒ ▒o▒
▒▒▒....▒...▒▒ ▒.▒
▒......▒....▒▒▒.▒
▒......▒.▒.∩.▒▒.▒
▒......▒)▒▒...▒.▒
▒......▒.▒▒▒....▒
▒▒......▒.▒.▒▒...▒ .▒
▒▒▒▒▒'▒.▒.▒..▒▒..▒..▒
▒▒▒▒▒.▒.▒'▒...▒▒▒▒..▒


You could see an ettin.


Message History

* * * LOW HITPOINT WARNING * * *
You hear a shout!
You hear a shout!
You hit the ettin but do no damage.
The ettin is severely wounded.
You hit the ettin. You burn the ettin.
The ettin is almost dead.
The ettin closely misses you.
The ettin hits you with a +0 dire flail!!!
* * * LOW HITPOINT WARNING * * *
You hear a shout!
Blink to where?
Okay, then.
Use which ability? (? or * to list) Activating: Cleansing Flame (1% risk of failure)
Okay, then.
You don't know any spells.
Use which ability? (? or * to list)
Okay, then.
Use which ability? (? or * to list) Activating: Cleansing Flame (1% risk of failure)
The golden flame engulfs you but does no damage.
You resist.
The golden flame engulfs the ettin.
The ettin is almost dead.
You hear a shout!
You hear a shout!
The ettin hits you with a +3 great mace!!!
You die...

Action                     |  1- 3 |  4- 6 |  7- 9 | 10-12 | 13-15 | 16-18 || total
---------------------------+-------+-------+-------+-------+-------+-------++-------
  Melee: War axe           |    84 |   195 |   241 |   287 |       |       ||   807
         Punch             |     1 |     2 |     3 |     3 |       |       ||     9
         Battleaxe         |       |       |       |   179 |   610 |   352 ||  1141
  Throw: Throwing net      |       |       |       |     2 |       |       ||     2
 Invoke: Divine Shield     |       |       |       |     1 |     2 |       ||     3
         Summon Divine War |       |       |       |       |     3 |     2 ||     5
         Cleansing Flame   |       |       |       |       |     1 |     1 ||     2
  Evoke: Lightning rod     |       |       |       |     4 |       |       ||     4
         Wand              |       |       |       |     4 |       |       ||     4
    Use: Scroll            |       |     3 |       |    16 |     8 |     4 ||    31
         Potion            |       |       |       |       |     5 |     1 ||     6
 Armour: Leather armour    |    31 |    30 |       |       |       |       ||    61
         Ring mail         |       |     1 |    64 |    28 |       |       ||    93
         Plate armour      |       |       |       |    30 |       |       ||    30
         Chain mail        |       |       |       |   147 |       |       ||   147
         Crystal plate arm |       |       |       |    30 |   295 |       ||   325
         Gold dragon scale |       |       |       |       |   299 |   245 ||   544
  Dodge: Dodged            |    46 |   124 |   126 |   255 |   336 |   139 ||  1026
  Block: Other             |       |       |       |     1 |    12 |       ||    13

Levels and vault maps discovered:
D:1:      lightli_arrival_statuegarden, layout_basic, serial_aquarium,
          aquarium_bridge_straight [aquarium_subvault_bridge,
          aquarium_subvault_window, aquarium_subvault_bridge,
          aquarium_subvault_window], aquarium_bridge_square
          [aquarium_subvault_window, aquarium_subvault_window,
          aquarium_subvault_bridge, aquarium_subvault_bridge],
          aquarium_window_1, aquarium_window_fake, aquarium_window_fake,
          aquarium_window_3, aquarium_view_2b, nrook_mini_backslash
D:2:      layout_basic, kennysheep_another_room, minmay_door_square
D:3:      layout_loops_corners, mainiacjoe_overflow_six_doors_small,
          mainiacjoe_overflow_concentric_impassable, gup_sewer_entry_spiral,
          serial_shops, shop_statue, kennysheep_orc_chapel
D:4:      layout_basic, minmay_temple_entry_antechambers
D:5:      layout_basic, tgw_kikubaaqudgha, serial_rivers,
          chequers_serial_rivers_micro_c, chequers_serial_rivers_marsh,
          chequers_serial_rivers_micro_c, chequers_serial_rivers_large_b,
          chequers_serial_rivers_micro_a
D:6:      due_chaos_kobolds, layout_basic, mainiacjoe_overflow_catwalk,
          serial_shops, shop_statue, uniq_sigmund
D:7:      layout_cave_pools, gammafunk_ghost_necromancy,
          nicolae_shop_dragon_depot, serial_bayou_crossing
D:8:      layout_cave_pods, david_lair_shrubbed
D:9:      layout_gridville, enter_bailey_8, onia_ninara_dug_in_and_dangerous
D:10:     layout_rooms, grunt_temple_overflow_open, enter_trove_6,
          nicolae_titane
D:11:     layout_cave_pools
D:12:     layout_rooms, erik_orc_3, gauntlet_entry_generic,
          kennysheep_okawaru_gauntlet
D:13:     layout_roguey, erik_vaults_2
D:14:     layout_roguey, ebering_ghost_gozag, amethyst_killhole, uniq_azrael
D:15:     grunt_enter_depths_magical_seal, layout_basic, eino_curves_01,
          minmay_ruined_shrine, uniq_josephine, uniq_jorgrun
Temple:   cyrus_circular_temple
Depths:1: layout_big_octagon, gammafunk_ghost_wrathful_warriors, hellmouth_3,
          abyss_entry_flame_altar, serial_shops, shop,
          ebering_dispersal_statue_hall, minmay_st_funbox,
          ashenzari_conservatory_becter
Depths:2: minmay_shrinking_squares, layout_gridlike, abyss_entry,
          grunt_hell_entry_demonic_statue, serial_rivers,
          chequers_serial_rivers_room_b, chequers_serial_rivers_micro_e,
          chequers_serial_rivers_small_3, chequers_serial_rivers_room_a,
          chequers_serial_rivers_marsh, rand_demon_pan_entry_9,
          dreamdust_wishing_well
Depths:3: hangedman_hanging_gardens, layout_basic, enter_ziggurat_b,
          grunt_pan_entry_zigzag, serial_sigils_hangedman_gnaw,
          hangedman_abyss_entry_splay, pf_hell_entry_tar_river, uniq_mennas

Notes
Turn   | Place    | Note
-------+----------+-------------------------------------------
     0 | D:1      | sanka the Hill Orc Gladiator began the quest for the Orb.
     0 | D:1      | Reached XP level 1. HP: 18/18 MP: 1/1
   166 | D:1      | Reached XP level 2. HP: 25/25 MP: 2/2
   259 | D:1      | Reached skill level 3 in Fighting
   967 | D:2      | Reached skill level 5 in Axes
   971 | D:2      | Reached XP level 3. HP: 31/31 MP: 3/3
  1207 | D:2      | Reached skill level 6 in Axes
  1367 | D:2      | Reached XP level 4. HP: 33/38 MP: 4/4
  1493 | D:3      | Found a hazy altar of Hepliaklqana.
  1566 | D:3      | Found a shimmering blue altar of Sif Muna.
  1909 | D:3      | Found a glowing drain.
  1913 | Sewer    | Entered a sewer
  1955 | Sewer    | Reached skill level 7 in Axes
  2012 | Sewer    | Noticed a kobold brigand
  2020 | Sewer    | Killed a kobold brigand
  2021 | Sewer    | Reached XP level 5. HP: 5/45 MP: 5/5
  2021 | Sewer    | HP: 4/45 [poisoned by a kobold brigand]
  2222 | Sewer    | Reached skill level 8 in Axes
  2414 | Sewer    | Reached XP level 6. HP: 49/51 MP: 6/6
  3178 | D:3      | Found a roughly hewn altar of Beogh.
  3191 | D:3      | Reached skill level 9 in Axes
  3331 | D:3      | Found Iklaimos's Assorted Antiques.
  3433 | D:3      | Reached skill level 4 in Fighting
  3928 | D:3      | Bought a golden ring for 120 gold pieces
  4054 | D:4      | Reached XP level 7. HP: 49/60 MP: 7/7
  4383 | D:4      | Found a staircase to the Ecumenical Temple.
  4402 | D:4      | Reached skill level 10 in Axes
  4446 | Temple   | Entered the Ecumenical Temple
  4497 | Temple   | Became a worshipper of the Shining One
  4548 | D:4      | Reached skill level 5 in Fighting
  4883 | D:5      | Entered Level 5 of the Dungeon
  5183 | D:5      | Reached XP level 8. HP: 43/70 MP: 8/8
  5185 | D:5      | Reached skill level 11 in Axes
  5777 | D:5      | Reached skill level 6 in Fighting
  5899 | D:5      | Found an ancient bone altar of Kikubaaqudgha.
  6275 | D:6      | Found a one-way gate to the infinite horrors of the Abyss.
  6346 | D:6      | Noticed a yak
  6347 | D:6      | Noticed a yak
  6347 | D:6      | Noticed a yak
  6347 | D:6      | Noticed a yak
  6347 | D:6      | Noticed a yak
  6349 | D:6      | Noticed a yak
  6363 | D:6      | Killed a yak
  6364 | D:6      | Reached skill level 12 in Axes
  6372 | D:6      | Killed a yak
  6377 | D:6      | Killed a yak
  6378 | D:6      | Reached skill level 7 in Fighting
  6381 | D:6      | Killed a yak
  6382 | D:6      | Reached skill level 13 in Axes
  6382 | D:6      | Reached XP level 9. HP: 51/79 MP: 9/9
  6507 | D:6      | Found a burning altar of Makhleb.
  6604 | D:6      | Found Famo's Distillery.
  6647 | D:6      | Bought a potion of heal wounds for 55 gold pieces
  6647 | D:6      | Bought a potion of curing for 33 gold pieces
  6647 | D:6      | Bought a potion of flight for 33 gold pieces
  6647 | D:6      | Bought a potion of attraction for 33 gold pieces
  6666 | D:6      | Reached skill level 8 in Fighting
  6685 | D:6      | Noticed Sigmund
  6691 | D:6      | Killed Sigmund
  6692 | D:6      | Reached skill level 14 in Axes
  7004 | D:6      | Found a large runed translucent door.
  7004 | D:6      | Found a large runed translucent door.
  7004 | D:6      | Found a corrupted altar of Lugonu.
  7047 | D:6      | Reached * piety under the Shining One
  7413 | D:7      | Reached skill level 15 in Axes
  7577 | D:7      | Found Li Ji's Dragon-Slaying Spoils.
  7796 | D:7      | Found a runed translucent gate.
  7796 | D:7      | Found a runed translucent gate.
  7796 | D:7      | Found a runed translucent gate.
  7796 | D:7      | Noticed CoolSool's ghost (novice DsCK)
  7796 | D:7      | Noticed a spectral unseen horror
  7813 | D:7      | Reached XP level 10. HP: 80/88 MP: 10/10
  7863 | D:7      | Reached skill level 16 in Axes
  7863 | D:7      | Reached skill level 1 in Armour
  8016 | D:7      | Reached skill level 2 in Armour
  8424 | D:8      | Noticed a manticore
  8424 | D:8      | Reached ** piety under the Shining One
  8442 | D:8      | Killed a manticore
  8443 | D:8      | Reached skill level 3 in Armour
  8580 | D:8      | Reached skill level 9 in Fighting
  8653 | D:8      | Found a staircase to the Lair.
  8850 | D:8      | Reached skill level 4 in Armour
  9679 | D:9      | Reached skill level 5 in Armour
  9789 | D:9      | Found a flagged portal.
  9799 | Bailey   | Entered a bailey
  9904 | Bailey   | Reached skill level 10 in Fighting
 10044 | Bailey   | Noticed an orc knight
 10044 | Bailey   | Noticed an orc knight
 10054 | Bailey   | an orc knight changed into a basilisk
 10144 | Bailey   | Identified the +1 leather armour of Tomorrow {rC+}
 10273 | Bailey   | Killed an orc knight
 10274 | Bailey   | Reached skill level 6 in Armour
 10815 | D:9      | Noticed an ogre mage
 10820 | D:9      | Noticed an unseen horror
 10821 | D:9      | Noticed a boulder beetle
 11054 | D:9      | Noticed a two-headed ogre
 11350 | D:9      | Reached skill level 11 in Fighting
 11350 | D:9      | Reached XP level 11. HP: 89/102 MP: 11/11
 11352 | D:9      | Reached skill level 7 in Armour
 11644 | D:10     | Entered Level 10 of the Dungeon
 11762 | D:10     | Reached *** piety under the Shining One
 11823 | D:10     | Found a white marble altar of Elyvilon.
 11993 | D:10     | Found a bloodstained altar of Trog.
 12019 | D:10     | Identified +0 acid dragon scales
 12260 | D:10     | Found a snail-covered altar of Cheibriados.
 12262 | D:10     | Found a sparkling altar of Nemelex Xobeh.
 12263 | D:10     | Found a glowing silver altar of Zin.
 12486 | D:10     | Found a portal to a secret trove of treasure.
 12719 | D:10     | Reached skill level 17 in Axes
 13072 | D:11     | Noticed a two-headed ogre
 13074 | D:11     | Noticed a two-headed ogre
 13077 | D:11     | Killed a two-headed ogre
 13233 | D:11     | Killed a two-headed ogre
 13234 | D:11     | Reached skill level 18 in Axes
 13531 | D:11     | Reached XP level 12. HP: 87/112 MP: 12/12
 13537 | D:11     | Reached skill level 19 in Axes
 13952 | D:11     | Reached **** piety under the Shining One
 14093 | D:12     | Noticed a two-headed ogre
 14102 | D:12     | Killed a two-headed ogre
 14154 | D:12     | Identified the +1 cloak "Kocowei" {Will+ rCorr Dex+4}
 14154 | D:12     | Noticed a two-headed ogre
 14164 | D:12     | Killed a two-headed ogre
 14165 | D:12     | Reached skill level 20 in Axes
 14165 | D:12     | Reached skill level 8 in Armour
 14215 | D:12     | Found a gate leading to a gauntlet.
 14280 | Gauntlet | Entered a Gauntlet
 14280 | Gauntlet | Found a transporter.
 14290 | Gauntlet | Found a transporter.
 14304 | Gauntlet | Found a transporter.
 14309 | Gauntlet | Found a transporter.
 14319 | Gauntlet | Noticed a reaper
 14324 | Gauntlet | Found a transporter.
 14343 | Gauntlet | Found a transporter.
 14355 | Gauntlet | Found a transporter.
 14367 | Gauntlet | Found a transporter.
 14372 | Gauntlet | Noticed a dire elephant
 14373 | Gauntlet | Found a transporter.
 14373 | Gauntlet | Found a transporter.
 14392 | Gauntlet | Found a transporter.
 14392 | Gauntlet | Noticed a death scarab
 14392 | Gauntlet | Noticed a death scarab
 14398 | Gauntlet | Found a transporter.
 14400 | Gauntlet | Found a transporter.
 14417 | Gauntlet | Found a transporter.
 14425 | Gauntlet | Found a transporter.
 14466 | Gauntlet | Found a transporter.
 14491 | Gauntlet | Found a transporter.
 14515 | Gauntlet | Found a transporter.
 14684 | Gauntlet | Reached skill level 12 in Fighting
 14684 | Gauntlet | Reached skill level 1 in Invocations
 14821 | Gauntlet | Identified the ring of the Lich-sworn {rElec rCorr}
 14863 | Gauntlet | Reached skill level 2 in Invocations
 14884 | Gauntlet | Identified the +2 pair of gloves of the Furrier {-Cast Harm
                  | rPois Regen+}
 14897 | Gauntlet | Noticed a minotaur
 14907 | Gauntlet | Killed a minotaur
 14918 | Gauntlet | Identified a +0 crystal plate armour
 14918 | Gauntlet | Identified the +1 scimitar "Baoxar" {freeze, rN+++ Int-5
                  | Dex+9}
 14919 | Gauntlet | Got the Omnibus of Debased Mysteries and Momentum
 14941 | Gauntlet | Reached skill level 9 in Armour
 14941 | Gauntlet | Reached skill level 3 in Invocations
 15094 | D:12     | Found a staircase to the Orcish Mines.
 15099 | D:12     | Reached ***** piety under the Shining One
 15363 | D:12     | Found an iron altar of Okawaru.
 15601 | D:13     | Reached skill level 4 in Invocations
 15603 | D:13     | Reached skill level 13 in Fighting
 15908 | D:13     | Reached XP level 13. HP: 122/122 MP: 16/16
 15973 | D:13     | Reached skill level 10 in Armour
 16076 | D:13     | Found a gate to the Vaults.
 16076 | D:13     | Noticed a vault guard
 16076 | D:13     | Noticed a vault guard
 16076 | D:13     | Noticed a vault guard
 16076 | D:13     | Noticed a vault guard
 16076 | D:13     | Noticed a vault guard
 16136 | D:13     | Killed a vault guard
 16137 | D:13     | Reached skill level 5 in Invocations
 16139 | D:13     | Killed a vault guard
 16260 | D:13     | Killed a vault guard
 16318 | D:13     | Noticed a vault guard
 16329 | D:13     | Killed a vault guard
 16337 | D:13     | Noticed a vault guard
 16346 | D:13     | Killed a vault guard
 16433 | D:13     | Noticed a vault guard
 16445 | D:13     | Killed a vault guard
 16452 | D:13     | Killed a vault guard
 16453 | D:13     | Reached skill level 14 in Fighting
 16618 | D:13     | Reached skill level 6 in Invocations
 16731 | D:13     | Killed a vault guard
 16895 | D:14     | Noticed Azrael
 16904 | D:14     | Killed Azrael
 16905 | D:14     | Reached skill level 11 in Armour
 17452 | D:14     | Reached skill level 7 in Invocations
 17520 | D:14     | Found a runed translucent gate.
 17520 | D:14     | Found a runed translucent gate.
 17522 | D:14     | Found an opulent altar of Gozag.
 17522 | D:14     | Found a runed translucent gate.
 17523 | D:14     | Noticed Teelok's ghost (journeyman GrEE)
 17523 | D:14     | Noticed a sphinx
 17524 | D:14     | Noticed a tengu reaver
 17547 | D:14     | Noticed an entropy weaver
 17551 | D:14     | Killed an entropy weaver
 17853 | D:14     | Found Diecoregg's Assorted Antiques.
 18031 | D:15     | Entered Level 15 of the Dungeon
 18344 | D:15     | Reached skill level 15 in Fighting
 18527 | D:15     | Reached skill level 12 in Armour
 18539 | D:15     | Reached skill level 8 in Invocations
 18549 | D:15     | Reached XP level 14. HP: 96/135 MP: 20/20
 18718 | D:15     | Reached skill level 13 in Armour
 18739 | D:15     | Reached ****** piety under the Shining One
 18762 | D:15     | Reached skill level 9 in Invocations
 18768 | D:15     | Found a staircase to the Depths.
 18882 | D:15     | Identified a +2 robe of the Archmagi
 18882 | D:15     | Noticed Jorgrun
 18998 | D:15     | Killed Jorgrun
 19645 | D:15     | Noticed Josephine
 19657 | D:15     | Killed Josephine
 19667 | D:15     | Reached skill level 14 in Armour
 19669 | D:15     | Reached skill level 10 in Invocations
 19963 | D:15     | Identified +0 ice dragon scales
 20413 | D:15     | Found a stormy altar of Qazlal.
 20986 | D:7      | Killed CoolSool's ghost
 21259 | D:14     | Killed a sphinx
 21263 | D:14     | Killed a tengu reaver
 21264 | D:14     | Reached skill level 15 in Armour
 21264 | D:14     | Reached skill level 11 in Invocations
 21319 | D:14     | Killed Teelok's ghost
 21835 | D:7      | Bought +2 gold dragon scales for 1380 gold pieces
 22061 | Depths:1 | Entered Level 1 of the Depths
 22061 | Depths:1 | Noticed a fire giant
 22112 | D:15     | Reached skill level 12 in Invocations
 22597 | D:15     | Reached XP level 15. HP: 62/141 MP: 24/24
 22604 | D:15     | Reached skill level 13 in Invocations
 22743 | Depths:1 | Noticed a fire giant
 22746 | D:15     | HP: 14/141 [deep troll (10)]
 23160 | D:15     | Killed a fire giant
 23164 | D:15     | Killed a fire giant
 23165 | D:15     | Reached skill level 14 in Invocations
 23790 | Depths:1 | Noticed a balrug
 23796 | Depths:1 | Found Doeluibb's Assorted Antiques.
 23804 | Depths:1 | Reached skill level 15 in Invocations
 23810 | Depths:1 | Killed a balrug
 23922 | Depths:1 | Reached skill level 3 in Dodging
 24115 | Depths:1 | HP: 10/141 [stone giant (22)]
 24120 | Depths:1 | HP: 6/141 [stone giant (18)]
 24561 | Depths:1 | Noticed a fire giant
 24646 | Depths:1 | Killed a fire giant
 24769 | Depths:1 | Found a gateway to Hell.
 24814 | Depths:1 | Found a corrupted altar of Lugonu.
 25007 | Depths:1 | Found a runed translucent door.
 25008 | Depths:1 | Noticed a frost giant
 25009 | Depths:1 | Noticed a juggernaut
 25009 | Depths:1 | Noticed a golden dragon
 25010 | Depths:1 | Noticed a walking crystal tome
 25010 | Depths:1 | Noticed a fire giant
 25114 | Depths:1 | Found a broken altar of Ashenzari.
 25135 | Depths:1 | Found a transporter.
 25140 | Depths:1 | Noticed a juggernaut
 25150 | Depths:1 | Noticed a juggernaut
 25150 | Depths:1 | Noticed a deep elf blademaster
 25151 | Depths:1 | Noticed sanka's ghost (adept SpEn)
 25154 | Depths:1 | Found a bloodstained altar of Trog.
 25164 | Depths:1 | Found a transporter.
 25322 | Depths:2 | Reached skill level 4 in Dodging
 25746 | Depths:2 | Noticed a fire giant
 25979 | Depths:1 | Reached skill level 16 in Fighting
 26128 | Depths:2 | Gained mutation: You have hidden genetic potential. [a
                  | neqoxec]
 26140 | Depths:1 | Reached skill level 5 in Dodging
 26403 | Depths:2 | Noticed a balrug
 26408 | Depths:2 | Killed a fire giant
 26409 | Depths:2 | Reached skill level 16 in Armour
 26473 | Depths:2 | Killed a balrug
 26474 | Depths:2 | Reached XP level 16. HP: 85/151 MP: 27/27
 26480 | Depths:2 | Identified the +3 chain mail "Wijusch" {rN+ Dex+5}
 26641 | Depths:2 | Lost mutation: You have hidden genetic potential. [a
                  | cacodemon]
 26718 | Depths:2 | Gained mutation: Potions are less effective at restoring
                  | your health. [a cacodemon]
 26722 | Depths:2 | Lost mutation: Potions are less effective at restoring your
                  | health. [potion of mutation]
 26722 | Depths:2 | Gained mutation: Your muscles are strong. (Str +4, Int/Dex
                  | -1) [potion of mutation]
 26722 | Depths:2 | Gained mutation: You have a pair of small antennae on your
                  | head. [potion of mutation]
 26722 | Depths:2 | Gained mutation: You have sharp fingernails. [potion of
                  | mutation]
 27092 | Depths:2 | Identified 3 potions of resistance
 27222 | Depths:2 | Found a one-way gate leading to the halls of Pandemonium.
 27403 | Depths:2 | Reached skill level 17 in Fighting
 27980 | Depths:2 | Reached skill level 17 in Armour
 28429 | Depths:2 | Noticed a titan
 28434 | Depths:2 | Noticed a juggernaut
 28440 | Depths:2 | Noticed a walking divine tome
 28446 | Depths:2 | Killed a juggernaut
 28447 | Depths:2 | Reached skill level 18 in Fighting
 28447 | Depths:2 | Killed a titan
 28454 | Depths:2 | Killed a walking divine tome
 28460 | Depths:2 | Identified +0 fire dragon scales
 28485 | Depths:2 | Noticed a tentacled monstrosity
 28487 | Depths:2 | Killed a tentacled monstrosity
 28514 | Depths:2 | Noticed a walking earthen tome
 28516 | Depths:2 | Killed a walking earthen tome
 28532 | Depths:2 | Noticed a shadow dragon
 28538 | Depths:2 | Killed a shadow dragon
 28710 | Depths:2 | Reached skill level 18 in Armour
 29210 | Depths:2 | Reached XP level 17. HP: 145/166 MP: 28/28
 29342 | Depths:3 | Identified +0 fire dragon scales
 29803 | Depths:3 | Reached skill level 19 in Fighting
 30231 | Depths:3 | HP: 14/168 [ettin/+3 great mace (37)]
 30232 | Depths:3 | Annihilated by an ettin

Vanquished Creatures
  Jorgrun (D:15)
  A titan (Depths:2)
  A walking divine tome (Depths:2)
  A sphinx (D:14)
  A tengu reaver (D:14)
  4 fire giants
  2 frost giants
  2 balrugs
  4 spectral caustic shrikes (Depths:3)
  The ghost of Teelok the Earth Mage, a journeyman GrEE of Gozag (D:14)
  A cacodemon (Depths:2)
  4 very ugly things
  3 stone giants (Depths:1)
  Azrael (D:14)
  A lorocyproca (Depths:3)
  A minotaur (Gauntlet)
  2 fire dragons
  Josephine (D:15)
  A green death (Depths:2)
  4 ettins
  A merfolk impaler (Depths:2)
  An entropy weaver (shapeshifter) (D:14)
  A rakshasa (Depths:3)
  8 vault guards (D:13)
  2 hell beasts (Depths:2)
  2 hydras
  An ice dragon (D:15)
  A spriggan air mage (Depths:2)
  3 boulder beetles (D:15)
  A catoblepas (D:15)
  4 centaur warriors
  4 two-headed ogres
  3 tengu warriors
  6 deep troll shamans
  4 deep troll earth magi
  A vampire mage (D:15)
  2 hell hogs (Depths:1)
  2 hell knights (Depths:1)
  4 soul eaters
  A spriggan (Depths:2)
  2 spriggan berserkers (Depths:2)
  6 sun demons
  A titan skeleton (Depths:1)
  2 sixfirhies
  A spark wasp zombie (Depths:1)
  4 iron trolls
  The ghost of CoolSool the Covert, a novice DsCK of Xom (D:7)
  13 deep trolls
  4 glowing orange brains
  A tengu zombie (Depths:1)
  5 necromancers
  A wizard (Depths:1)
  2 orc knights
  3 deep elf pyromancers
  A sphinx zombie (Depths:1)
  A sphinx skeleton (Depths:1)
  3 deep elf zephyrmancers (D:15)
  18 ugly things
  5 cyclopes
  An orc sorcerer (D:15)
  2 manticores
  2 rust devils
  A centaur zombie (D:15)
  A fire giant skeleton (Depths:1)
  A moth of wrath (Gauntlet)
  A titan simulacrum (Depths:1)
  An orange demon (Depths:3)
  A gargoyle (D:11)
  2 unseen horrors
  A centaur skeleton (D:15)
  2 minotaur zombies (Gauntlet)
  6 smoke demons
  A spectral unseen horror (D:7)
  A komodo dragon (D:8)
  A yaktaur (D:15)
  A hellion (Depths:2)
  2 ice devils (Depths:3)
  A komodo dragon (shapeshifter) (D:15)
  3 freezing wraiths
  An efreet (D:15)
  4 tengu conjurers
  A red devil (Depths:3)
  An unseen horror skeleton (D:7)
  A golden dragon simulacrum (Depths:3)
  3 trolls
  A hornet (Depths:2)
  3 meliai (D:10)
  A harpy zombie (D:15)
  2 hellwings
  A sphinx simulacrum (Depths:3)
  A harpy skeleton (D:15)
  2 spriggan skeletons (Depths:1)
  Sigmund (D:6)
  3 slime creatures (D:13)
  A spriggan (shapeshifter) (D:15)
  7 wraiths
  A ynoxinul (Depths:2)
  A shadow (D:12)
  5 water elementals (Depths:2)
  2 fire elementals
  3 wyverns
  A vampire (D:10)
  An unseen horror simulacrum (D:7)
  31 yaks
  A basilisk (Bailey)
  6 vampire mosquitoes
  A neqoxec (Depths:2)
  A warg (D:12)
  An acid dragon (D:10)
  4 hell hounds (D:14)
  A water moccasin (D:7)
  A glowing shapeshifter skeleton (Depths:3)
  3 sky beasts
  2 ice beasts (D:6)
  7 orc warriors
  A black bear (D:5)
  2 ogres
  17 centaurs
  6 wolves (Gauntlet)
  2 phantoms (D:4)
  6 kobold brigands
  2 bullfrogs (D:7)
  A gnoll sergeant (D:9)
  3 scorpions (D:6)
  7 wights
  12 killer bees
  A howler monkey (D:11)
  A spectral centaur (D:7)
  5 hounds
  6 jellies
  6 orc priests
  3 gnoll boudas
  6 iguanas
  3 orc wizards
  19 gnolls
  10 adders
  9 river rats (Sewer)
  2 white imps
  2 worms
  45 orcs
  3 endoplasms
  6 giant cockroaches
  8 goblins
  11 hobgoblins
  2 jackals (D:1)
  38 kobolds
  2 quokkas
  7 ball pythons
  2 bats
  3 frilled lizards
  22 rats
583 creatures vanquished.

Vanquished Creatures (collateral kills)
  A juggernaut (Depths:2)
  A tentacled monstrosity (Depths:2)
  A walking earthen tome (Depths:2)
  A shadow dragon (Depths:2)
  2 spriggan defenders (Depths:2)
  A cacodemon (Depths:2)
  A spark wasp (Depths:2)
  A fire dragon (Depths:2)
  2 ice dragons (Depths:2)
  A spriggan air mage (Depths:2)
  A soul eater (Depths:2)
  An obsidian statue (Depths:2)
  4 smoke demons
  2 tormentors (Depths:2)
  A hellwing (Depths:2)
  A ynoxinul (Depths:2)
22 creatures vanquished.

Vanquished Creatures (others)
  A wizard (D:14)
  A red devil (Depths:2)
  A human (D:5)
  14 demonic plants (Gauntlet)
  77 plants
  23 withered plants (Gauntlet)
117 creatures vanquished.

Grand Total: 722 creatures vanquished
